 Dungeon Crawl Stone Soup version 0.28.0-43-g3370ac3207 (webtiles) character file.

Game seed: 1611936560804234762

58 zeratav the Sneak (level 3, -1/16 HPs)
             Began as a Spriggan Enchanter on Apr 1, 2022.
             Killed from afar by Sigmund (10 damage)
             ... with a magic dart
             ... on level 3 of the Dungeon.
             The game lasted 00:06:36 (2599 turns).

zeratav the Sneak (Spriggan Enchanter)              Turns: 2599, Time: 00:06:37

Health: -1/16      AC:  2    Str:  4    XL:     3   Next: 75%
Magic:  6/9        EV: 17    Int: 18    God:
Gold:   142        SH:  0    Dex: 15    Spells: 7/9 levels left

rFire   . . .      SeeInvis +   d - +1 dagger (speed)
rCold   . . .      Faith    .   (no shield)
rNeg    . . .      Spirit   .   b - +0 robe
rPois   .          Reflect  .   (helmet restricted)
rElec   .          Harm     .   (no cloak)
rCorr   .          Rampage  .   (gloves unavailable)
Will    .....                   (boots unavailable)
Stlth   +++.......              (no amulet)
HPRegen 0.05/turn               (no ring)
MPRegen 0.11/turn               (no ring)

@: very quick
A: very small, no large weapons, unfitting armour, see invisible, speed 3
a: no special abilities


You were on level 3 of the Dungeon.
You visited 1 branch of the dungeon, and saw 3 of its levels.

You collected 142 gold pieces.

Inventory:

Hand Weapons
 a - a +1 dagger
 d - a +1 dagger of speed (weapon)
Missiles
 e - 72 stones (quivered)
Armour
 b - a +0 robe (worn)
Scrolls
 g - a scroll of enchant armour {unknown}
 i - a scroll of brand weapon {unknown}
 j - a scroll of identify {unknown}
Potions
 c - a potion of invisibility
 f - a potion of brilliance {unknown}
 h - a potion of lignification {unknown}
 k - a potion of attraction {unknown}


   Skills:
 + Level 1.4 Short Blades
 + Level 2.7 Dodging
 + Level 5.0 Stealth
 + Level 3.7 Spellcasting
 + Level 4.2 Hexes
 * Level 0.7 Ice Magic


You had 7 spell levels left.
You knew the following spells:

 Your Spells              Type           Power      Damage    Failure   Level
a - Ensorcelled Hibernat  Hex/Ice        24%        N/A       9%          2

Your spell library contained the following spells:

 Spells                   Type           Power      Damage    Failure   Level
 Confusing Touch          Hex            18%        N/A       8%          3
 Tukima's Dance           Hex            18%        N/A       8%          3
 Dazzling Flash           Conj/Hex       22%        N/A       19%         3


Dungeon Overview and Level Annotations

Branches:
Dungeon (3/15)

Altars:

Annotations:
D:3 Sigmund


Innate Abilities, Weirdness & Mutations

You are very small and have problems with some larger weapons.
You are too small for most types of armour.
You have supernaturally acute eyesight. (SInv)
You cover ground extremely quickly. (Speed+++)


Message History

You see here an adder corpse.
Sigmund shouts!
Casting: Ensorcelled Hibernation (safe; 9% risk of failure)
Confirm with . or Enter, or press ? or * to list all spells.
Aiming: Ensorcelled Hibernation (safe; 9% risk of failure)
Press: ? - help, Shift-Dir - straight line, f - Sigmund
Aim: Sigmund, wielding a +0 scythe and wearing a +0 robe (chance to affect: 54%) Sigmund looks drowsy...
The helpless Sigmund fails to defend himself.
You impale Sigmund!!
Sigmund is severely wounded.
You barely miss Sigmund.
Sigmund is severely wounded.
Sigmund misses you.
You barely miss Sigmund.
Sigmund is severely wounded.
Casting: Ensorcelled Hibernation (safe; 9% risk of failure)
Confirm with . or Enter, or press ? or * to list all spells.
Aiming: Ensorcelled Hibernation (safe; 9% risk of failure)
Press: ? - help, Shift-Dir - straight line, f - endoplasm, p - Sigmund
Aim: an endoplasm (chance to affect: 63%)
The endoplasm looks drowsy...
Sigmund barely misses you.
The helpless endoplasm fails to defend itself.
You impale the endoplasm!!
You kill the endoplasm!
You closely miss Sigmund.
Sigmund is severely wounded.
Sigmund gestures at you while chanting. The magic dart hits you!
Ouch! That really hurt!
You barely miss Sigmund.
Sigmund is severely wounded.
You hit Sigmund.
Sigmund is severely wounded.
Sigmund says, "Don't worry, I'll kill you fast."
Sigmund misses you. Sigmund casts a spell at you. The magic dart hits you!
Ouch! That really hurt!
You die...

#....................
#.######...........##
#.# #.#.@####.....
#.# #.#†.# ...## #.#
#.#..# ###
#.######.#..#
#.....##†#..#
#####.##<#..#
####.##.#.@#
#..[....#.........
#.##.####.########
#.##.# #.# #.#.# #.
#..# #. ## ##.####.#
#.# #.......# ..#
##.##..##


You could see Sigmund.

Vanquished Creatures
  2 adders (D:3)
  A dart slug (D:2)
  A ball python (D:2)
  2 bats
  4 endoplasms
  3 giant cockroaches
  9 goblins
  2 hobgoblins (D:1)
  2 quokkas
  A frilled lizard (D:1)
  5 kobolds
  3 rats
35 creatures vanquished.

Notes
Turn   | Place    | Note
-------+----------+-------------------------------------------
     0 | D:1      | zeratav the Spriggan Enchanter began the quest for the Orb.
     0 | D:1      | Reached XP level 1. HP: 9/9 MP: 5/5
    15 | D:1      | Found a faded altar of an unknown god.
   718 | D:1      | Reached XP level 2. HP: 13/13 MP: 6/6
   721 | D:1      | Learned a level 2 spell: Ensorcelled Hibernation
  1665 | D:2      | Reached skill level 5 in Stealth
  1668 | D:2      | Reached XP level 3. HP: 16/16 MP: 8/8
  2479 | D:3      | Noticed Sigmund
  2599 | D:3      | Killed from afar by Sigmund

Illustrated notes

Levels and vault maps discovered:
D:1:      matt_arrival_grand_opening, layout_rooms, basic_ecumenical_altar
D:2:      kb_forest_paths, layout_basic
D:3:      layout_loops_ring, serial_shops, shop, uniq_sigmund, uniq_ijyb

Skill      XL: |  1  2 |
---------------+-------+-----
Hexes          | 4 |  4.2
Spellcasting   | 3 |  3.7
Stealth        | 5 |  5.0
Short Blades   | |  1.4
Dodging        | |  2.7
Ice Magic      | |  0.7

Action                   || total
-------------------------++-------
Melee: Dagger            ||    80
 Cast: Ensorcelled Hiber ||    26
  Use: Scroll            ||     3
 Stab: Sleeping          ||    26
Armor: Robe              ||     8
Dodge: Dodged            ||    54
